 Dungeon Crawl Stone Soup version 0.29.0-11-gd7f09526c8 (webtiles) character file.

Game seed: 4280825324447668753

2407 xian the Thaumaturge (level 9, -2/48 HPs)
             Began as a Deep Elf Conjurer on Sept 5, 2022.
             Slain by an orc knight
             ... wielding a +0 trident
              (12 damage)
             ... in a bailey.
             The game lasted 00:18:22 (8487 turns).

xian the Thaumaturge (Deep Elf Conjurer)            Turns: 8487, Time: 00:18:22

Health: -2/48      AC: 15    Str:  6    XL:     9   Next: 23%
Magic:  0/33       EV: 12    Int: 30    God:
Gold:   444        SH:  0    Dex: 13    Spells: 12/27 levels left

rFire   . . .      SeeInvis .   p - +2 war axe (vorpal)
rCold   . . .      Faith    .   (no shield)
rNeg    . . .      Spirit   +   s - +3 leather armour
rPois   .          Reflect  .   m - +1 helmet
rElec   .          Harm     .   t - +2 cloak
rCorr   .          Rampage  .   (no gloves)
Will    .....                   (no boots)
Stlth   ++........              z - amulet of Vuod {Spirit Int+4}
HPRegen 0.16/turn               c - +4 ring of protection
MPRegen 0.23/turn               y - ring of magical power

@: no status effects
A: no striking features
a: no special abilities


You were in a bailey.
You visited 2 branches of the dungeon, and saw 8 of its levels.
You also visited: Sewer and Bailey.

You collected 444 gold pieces.

Inventory:

Hand Weapons
 p - a +2 vorpal war axe (weapon)
Armour
 m - a +1 helmet (worn)
 s - a +3 leather armour (worn)
 t - a +2 cloak (worn)
Jewellery
 c - a +4 ring of protection (left hand)
 k - a ring of poison resistance
 u - a ring of positive energy
 y - a ring of magical power (right hand)
 z - the amulet of Vuod (around neck) {Spirit Int+4}
   (You found it in a bailey)

   [amulet of guardian spirit]

   It causes incoming damage to be divided between your reserves of health and
   magic.
   Int:       It affects your intelligence (+4).
Wands
 x - a wand of polymorph (4)
Scrolls
 a - a scroll of fear {unknown}
 f - 2 scrolls of enchant weapon
 g - a scroll of butterflies {unknown}
 h - a scroll of immolation
 i - a scroll of magic mapping
 j - 4 scrolls of enchant armour {unknown}
 l - 3 scrolls of blinking {unknown}
 r - 3 scrolls of teleportation
Potions
 b - a potion of magic
 d - 3 potions of brilliance
 e - 4 potions of flight
 n - a potion of attraction {unknown}
 o - 4 potions of curing
 v - 2 potions of lignification {unknown}
 w - a potion of haste {unknown}


   Skills:
 + Level 1.7 Fighting
 + Level 1.8 Axes
 + Level 3.1 Armour
 + Level 4.6 Dodging
 + Level 4.2 Stealth
 + Level 9.9 Spellcasting
 + Level 9.2 Conjurations
 + Level 0.1 Hexes


You had 12 spell levels left.
You knew the following spells:

 Your Spells              Type           Power      Damage    Failure   Level
a - Magic Dart            Conj           100%       1d8       1%          1
b - Searing Ray           Conj           100%       2d8       1%          2
c - Tukima's Dance        Hex            15%        N/A       16%         3
d - Iskenderun's Battles  Conj           63%        2d11      3%          5
e - Iskenderun's Mystic   Conj/Tloc      42%        2d10      8%          4

Your spell library contained the following spells:

 Spells                   Type           Power      Damage    Failure   Level
 Dazzling Flash           Conj/Hex       86%        N/A       2%          3
 Fulminant Prism          Conj/Hex       21%        3d13      8%          4
 Sublimation of Blood     Necr           14%        N/A       9%          2
 Wereblood                Tmut           14%        N/A       9%          2
 Passage of Golubria      Tloc           14%        N/A       47%         4
 Iron Shot                Conj/Erth      21%        9d5       77%         6
 Yara's Violent Unravell  Hex/Tmut       7%         3d5       82%         5
 Spellforged Servitor     Conj/Summ      21%        N/A       100%        7
 Summon Hydra             Summ           7%         N/A       100%        7


Dungeon Overview and Level Annotations

Branches:
Dungeon (7/15)             Temple (1/1) D:6           Sewer (visited)
 Bailey (1/1)

Altars:
Ashenzari
Dithmenos
Elyvilon
Fedhas
Gozag
Kikubaaqudgha
Nemelex Xobeh
Okawaru
Qazlal
Trog
Uskayaw
Wu Jian
Zin

Shops:
D:3 =


Message History

Unknown command.
The searing ray hits the orc warrior.
You kill the orc warrior!
Your battlesphere fires!
The barrage of energy hits the orc knight!
The orc knight is moderately wounded.
The orc knight hits you from afar with a +0 trident!
* * * LOW HITPOINT WARNING * * *
You feel much better.
The orc knight hits you but does no damage.
Aiming: Polymorph
Press: ? - help, Shift-Dir - straight line, f - orc knight
Aim: an orc knight, wielding a +0 trident and wearing a +0 scale mail (moderately wounded, ally target, will become a death drake, a swamp dragon, or a komodo dragon, chance to affect: 31%)
The orc knight easily resists.
The orc knight hits you from afar with a +0 trident!
Aiming: Polymorph
Press: ? - help, Shift-Dir - straight line, f/p - orc knight
Aim: an orc knight, wielding a +0 trident and wearing a +0 scale mail (moderately wounded, ally target, will become a death drake, a swamp dragon, or a komodo dragon, chance to affect: 31%)
The orc knight easily resists.
The orc knight misses you.
Unknown command.
Aiming: Polymorph
Press: ? - help, Shift-Dir - straight line, f/p - orc knight
Aim: an orc knight, wielding a +0 trident and wearing a +0 scale mail (moderately wounded, ally target, will become a death drake, a swamp dragon, or a komodo dragon, chance to affect: 31%)
The orc knight easily resists.
The orc knight hits you from afar with a +0 trident!!
* * * LOW HITPOINT WARNING * * *
The orc knight hits you but does no damage.
Things that are here:
a +0 plate armour; an orc corpse You see here a +0 halberd.
The orc knight closely misses you.
Aiming: Polymorph
Press: ? - help, Shift-Dir - straight line, f/p - orc knight
Aim: an orc knight, wielding a +0 trident and wearing a +0 scale mail (moderately wounded, will become a death drake, a swamp dragon, or a komodo dragon, chance to affect: 31%)
The orc knight easily resists.
The orc knight hits you from afar with a +0 trident!
* * * LOW HITPOINT WARNING * * *
You feel better.
The orc knight hits you from afar with a +0 trident!
You die...

............).#≈....
.........≈#∩)##≈....
#######....≈##.#≈≈....
##....##....≈≈≈.≈≈.....
##.....##...............
##..#))'##...............
#..##∩.∩##..##...........
#.####'####.##...........
#.+ .o.#)'@##...........
#[###._.###*##...........
#)'.#).!#)'o##............#
#.#########.##............#
#..##.#.##..#.............#
##..#)#'#..##.............#
##.......##..............#
#########...≈≈≈.≈≈......#
##......≈##.#≈≈.....#


You could see an orc knight and a friendly battlesphere.

Vanquished Creatures
  A black bear (D:5)
  6 orc warriors (Bailey)
  2 sky beasts
  2 ogres
  2 kobold brigands
  A bullfrog (D:6)
  4 scorpions
  4 wights (D:5)
  7 hounds
  3 orc priests
  2 iguanas
  2 orc wizards (D:3)
  4 gnolls (D:4)
  3 river rats
  8 adders
  A worm (D:2)
  4 dart slugs
  23 orcs
  7 ball pythons
  8 endoplasms
  6 giant cockroaches
  5 goblins
  4 hobgoblins
  A jackal (Sewer)
  A quokka (D:3)
  5 bats
  4 frilled lizards
  19 kobolds
  13 rats
152 creatures vanquished.

Vanquished Creatures (collateral kills)
  An orc warrior (Bailey)
1 creature vanquished.

Grand Total: 153 creatures vanquished

Notes
Turn   | Place    | Note
-------+----------+-------------------------------------------
     0 | D:1      | xian the Deep Elf Conjurer began the quest for the Orb.
     0 | D:1      | Reached XP level 1. HP: 10/10 MP: 6/6
   231 | D:1      | Reached XP level 2. HP: 15/15 MP: 4/8
   486 | D:1      | Reached skill level 5 in Conjurations
   799 | D:1      | Found a faded altar of an unknown god.
   948 | D:1      | Reached XP level 3. HP: 19/19 MP: 7/9
  1025 | D:1      | Learned a level 2 spell: Searing Ray
  1029 | D:1      | Learned a level 3 spell: Tukima's Dance
  1566 | D:2      | Reached XP level 4. HP: 24/24 MP: 8/11
  2382 | D:3      | Noticed a scorpion
  2389 | D:3      | Killed a scorpion
  2390 | D:3      | Reached XP level 5. HP: 24/28 MP: 3/13
  2616 | D:3      | Found Linusm's One-of-a-Kind Rings.
  3310 | D:4      | Noticed a sky beast
  3316 | D:4      | Killed a sky beast
  3317 | D:4      | Reached skill level 5 in Spellcasting
  3317 | D:4      | Reached XP level 6. HP: 32/32 MP: 7/15
  3478 | D:4      | Learned a level 5 spell: Iskenderun's Battlesphere
  4287 | D:5      | Entered Level 5 of the Dungeon
  4335 | D:5      | Reached XP level 7. HP: 36/36 MP: 12/18
  4614 | D:5      | Reached skill level 1 in Armour
  5092 | D:5      | Reached XP level 8. HP: 2/42 MP: 4/21
  5415 | D:5      | Learned a level 4 spell: Iskenderun's Mystic Blast
  5830 | D:6      | Found a glowing drain.
  5845 | Sewer    | Entered a sewer
  5849 | Sewer    | Reached skill level 1 in Fighting
  6026 | Sewer    | Found a white marble altar of Elyvilon.
  6706 | D:6      | Found a staircase to the Ecumenical Temple.
  6715 | Temple   | Entered the Ecumenical Temple
  6927 | D:6      | Reached skill level 1 in Axes
  7271 | D:7      | Found an opulent altar of Gozag.
  7284 | D:7      | Found an opulent altar of Gozag.
  7284 | D:7      | Found an opulent altar of Gozag.
  7401 | D:7      | Found an opulent altar of Gozag.
  7512 | D:7      | Found a flagged portal.
  7529 | Bailey   | Entered a bailey
  7808 | Bailey   | Reached XP level 9. HP: 9/48 MP: 23/24
  8441 | Bailey   | Identified the amulet of Vuod {Spirit Int+4}
  8452 | Bailey   | Noticed an orc knight
  8480 | Bailey   | HP: 2/48 [orc knight/+0 trident (10)]
  8487 | Bailey   | Slain by an orc knight

Illustrated notes

Levels and vault maps discovered:
D:1:      spicycebolla_arrival_xxxplode, layout_basic,
          ebering_ecumenical_altar_sacrificial
D:2:      layout_loops_corners, minmay_vboxes
D:3:      layout_basic, nicolae_shop_unique_rings
D:4:      layout_cave_pools
D:5:      layout_basic, grunt_ministairs_1
D:6:      layout_loops_ring, lemuel_temple_firewalk_b, portal_sewer_entry_e,
          st_stairs_6, nrook_mini_backslash
D:7:      layout_rooms, mainiacjoe_overflow_surrounded_room,
          nicolae_gozag_conspicuous_consumption, regret_index_temple_of_mockery,
          enter_bailey_4, uniq_joseph
Temple:   hellmonk_temple_forest_ring
Bailey:   bailey_polearm_2, bailey

Skill      XL: |  1  2  3  4  5  6  7  8  9 |
---------------+----------------------------+-----
Conjurations   | 5 6 7 8 9 |  9.2
Spellcasting   | 4 5 6 7 9 |  9.9
Dodging        | 3 4 |  4.6
Stealth        | 3 4 |  4.2
Armour         | 1 2 3 |  3.1
Fighting       | 1 |  1.7
Axes           | 1 |  1.8
Hexes          | |  0.1

Action                   |  1- 3 |  4- 6 |  7- 9 || total
-------------------------+-------+-------+-------++-------
Melee: War axe           |       |       |    12 ||    12
 Cast: Magic Dart        |    56 |   102 |    48 ||   206
       Searing Ray       |     2 |     3 |    47 ||    52
       Iskenderun's Batt |       |       |     3 ||     3
       Tukima's Dance    |       |       |     1 ||     1
Evoke: Wand              |       |       |     4 ||     4
  Use: Scroll            |       |     4 |     5 ||     9
       Potion            |       |       |     4 ||     4
Armor: Leather armour    |       |     1 |    42 ||    43
Dodge: Dodged            |     3 |    14 |    68 ||    85
